 Dungeon Crawl Stone Soup version 0.22.1-1-ga44c0e5 (webtiles) character file.

109 RipJaw5503 the Sneak (level 4, -10/37 HPs)
             Began as a Draconian Assassin on Oct 3, 2018.
             Was a Follower of Sif Muna.
             Mangled by an ogre
             ... wielding a +0 giant club
              (19 damage)
             ... on level 4 of the Dungeon.
             The game lasted 00:35:03 (4890 turns).

RipJaw5503 the Sneak (Draconian Assassin)           Turns: 4890, Time: 00:35:03

Health: -10/37     AC:  7    Str: 14    XL:     4   Next: 59%
Magic:  4/4        EV: 12    Int: 11    God:    Sif Muna [*.....]
Gold:   126        SH:  0    Dex: 13    Spells: 3/3 levels left

rFire    . . .     SeeInvis .   z - +2 trident
rCold    . . .     Gourm    .   (no shield)
rNeg     . . .     Faith    .   (armour unavailable)
rPois    .         Spirit   .   (helmet restricted)
rElec    .         Reflect  .   c - +1 cloak
rCorr    .         Harm     .   (no gloves)
MR       .....                  (no boots)
Stlth    +++.......             (no amulet)
HPRegen  0.12/turn              (no ring)
MPRegen  0.09/turn              (no ring)

@: lethally poisoned (-10 -> -17)
A: unfitting armour, cold-blooded, AC +5
a: Divine Energy, Renounce Religion


You were on level 4 of the Dungeon.
You worshipped Sif Muna.
Sif Muna was aware of your devotion.
You were not hungry.

You visited 1 branch of the dungeon, and saw 4 of its levels.

You collected 126 gold pieces.

Inventory:

Hand Weapons
 a - a +2 dagger
 b - a +0 blowgun
 m - a +0 club
 n - a +0 whip
 p - a +0 hand axe
 t - a +0 hand axe
 w - a +0 quarterstaff
 y - a +0 rapier
 z - a +2 trident (weapon)
 C - a +0 dagger
Missiles
 d - 17 poisoned needles
 e - 2 curare-tipped needles
 h - 34 bolts
 l - 21 arrows
 x - 2 steel javelins (quivered)
Armour
 c - a +1 cloak (worn)
 i - a +0 leather armour
 r - a +0 robe
 s - a +0 chain mail
 u - a +0 chain mail
 A - a +0 chain mail
Scrolls
 v - a scroll of remove curse
 D - a scroll of identify
Potions
 g - a potion of brilliance
 k - 2 potions of lignification
 o - a potion of might {unknown}
 B - a potion of agility
Comestibles
 f - 3 rations


   Skills:
 + Level 2.8 Fighting
 + Level 2.9 Short Blades
 + Level 0.2 Maces & Flails
 + Level 0.4 Polearms
 + Level 2.2 Throwing
 + Level 2.0 Dodging
 + Level 4.1 Stealth


You had 3 spell levels left.
You didn't know any spells.
Your spell library was empty.

Dungeon Overview and Level Annotations

Branches:
Dungeon (4/15)
 Temple: D:4-7

Altars:
Sif Muna
Uskayaw


Innate Abilities, Weirdness & Mutations

Your plain brown scales are hard. (AC +5)
You cannot fit into any form of body armour.
You are cold-blooded and may be slowed by cold attacks.


Message History

The adder is severely wounded.
The jackal bites you but does no damage.
The adder bites you.
You are poisoned.
The adder poisons you! The jackal closely misses you.
The jackal barely misses you. The jackal closely misses you.
The jackal barely misses you. The adder bites you.
* * * LOW HITPOINT WARNING * * *
You are more poisoned.
The adder poisons you! The ogre closely misses you.
The jackal closely misses you. The jackal barely misses you.
You closely miss the jackal.
* * * LOW HITPOINT WARNING * * *
You feel sick.
The jackal bites you but does no damage.
The jackal barely misses you. x2; The adder barely misses you.
The jackal barely misses you. x2; The jackal closely misses you.
The ogre hits you with a giant club!!
Ouch! That really hurt!
You die...

#..........................
#..........###.##.#....###. .
#.......##.###.##.##...###. ..
#.......##.....)........... #.
#.......####............#.. #.
#.##..#####...........#....
##.###.##.## ##.................
#......##.# #hSh...........#...
#.....###.# #h@h.............!.
#.....###.####.O...........#....
#......#...................#....
#........#####..........#####...
##.......## ##........## ##..
.........# #..........# ##.
###......# #..........# ##
#.....## #..........# ####...#
#..........#


You could see an ogre, an adder and 4 jackals.

Vanquished Creatures
  4 adders
  An ooze (D:2)
  An adder skeleton (D:4)
  2 leopard geckos
  6 orcs (D:3)
  5 bats
  5 giant cockroaches
  8 goblins
  2 hobgoblins
  7 jackals (D:3)
  4 kobolds
  2 quokkas
  4 frilled lizards
  4 rats
  A plant (D:2)
56 creatures vanquished.

Notes
Turn   | Place    | Note
-------+----------+-------------------------------------------
     0 | D:1      | RipJaw5503 the Draconian Assassin began the quest for the
                  | Orb.
     0 | D:1      | Reached XP level 1. HP: 17/17 MP: 1/1
   797 | D:2      | Reached skill level 1 in Dodging
   797 | D:2      | Reached skill level 4 in Stealth
   797 | D:2      | Reached XP level 2. HP: 18/25 MP: 2/2
  1805 | D:2      | Reached XP level 3. HP: 17/30 MP: 3/3
  1969 | D:2      | Found a faded altar of an unknown god.
  2069 | D:2      | Became a worshipper of Sif Muna the Loreminder
  2069 | D:2      | Reached * piety under Sif Muna
  2775 | D:3      | Paralysed by fainting for 5 turns
  2788 | D:3      | Paralysed by fainting for 11 turns
  2835 | D:3      | Paralysed by fainting for 5 turns
  3364 | D:3      | Found a deep blue altar of Sif Muna.
  3561 | D:3      | Reached XP level 4. HP: 15/37 MP: 4/4
  4764 | D:4      | Found a hide-covered altar of Uskayaw.
  4856 | D:4      | Noticed an ogre
  4890 | D:4      | Mangled by an ogre

Skill      XL: |  1  2  3  4 |
---------------+-------------+-----
Dodging        | 1 2 |  2.0
Stealth        | 4 |  4.1
Throwing       | 2 |  2.2
Fighting       | |  2.8
Short Blades   | |  2.9
Maces & Flails | |  0.2
Polearms       | |  0.4

Action                   |  1- 3 |  4- 6 || total
-------------------------+-------+-------++-------
Melee: Dagger            |   223 |       ||   223
       Tailslap          |    45 |     2 ||    47
       Blowgun           |     1 |       ||     1
       Club              |    12 |       ||    12
       Whip              |     6 |       ||     6
       Trident           |       |    49 ||    49
 Fire: Blowgun           |    16 |       ||    16
Throw: Javelin           |     5 |       ||     5
  Use: Potion            |     3 |     4 ||     7
       Scroll            |     2 |     2 ||     4
 Stab: Sleeping          |     2 |       ||     2
  Eat: Ration            |     3 |     1 ||     4
Armor: Skin              |   133 |    47 ||   180
Dodge: Dodged            |   200 |   102 ||   302
